[Event "Chessable English Open-ch 2022"]
[Site "Kenilwoth"]
[Date "2022.05.22"]
[Round "7.2"]
[White "Jackson, James P"]
[Black "Boswell, Jacob Connor"]
[Result "1-0"]
[ECO "B12"]
[WhiteElo "2400"]
[BlackElo "2075"]
[Annotator "TA"]
[PlyCount "69"]
[EventDate "2022.05.18"]
[EventType "swiss"]
[EventCountry "ENG"]
[SourceTitle "playchess.com"]
[Source "ChessBase"]
[SourceQuality "1"]
[TimeControl "5400+30"]

1. e4 c6 2. d4 d5 3. e5 Bf5 4. Nf3 e6 5. Be2 Nd7 6. O-O a6 7. a4 {[%emt 0:02:08] B12: Caro-Kann: Advance Variation.} h6 8. Na3 {[%emt 0:03:34] [#]} b5 $146 (8... Be4 $11) ({Predecessor:} 8... Be4 9. Nd2 Bh7 10. c4 Ne7 11. Nb3 Nf5 12. Bd2 Be7 13. cxd5 cxd5 14. Bc3 O-O {½-½ (26) Steiger,W (2446)-Hrubcik,M (2403) ICCF email 2017}) 9. c3 $14 {[%emt 0:05:12] White is slightly better.} ({But not} 9. axb5 axb5 10. c3 Bxa3 11. Rxa3 Rxa3 12. bxa3 Nb6 $11) 9... Ne7 10. Nc2 Bxc2 11. Qxc2 Nb6 12. b3 {[%emt 0:02:48] White is more active.} Nf5 13. Bd3 g6 14. g3 Be7 15. g4 {[%emt 0:19:57] [#] Hoping for a5.} Nh4 16. Nxh4 Bxh4 17. a5 Nc8 18. f4 Rg8 (18... c5 $142 19. dxc5 Ne7) 19. Kh1 $18 Ne7 20. Ba3 Qd7 21. Rf3 O-O-O 22. Rh3 g5 23. Rf1 Rdf8 $2 (23... Rde8 24. fxg5 Bxg5 25. Rxf7 Rgf8) 24. f5 Re8 25. f6 Ng6 26. Bxg6 Rxg6 {[%emt 0:01:05] [#]} 27. Qxg6 $3 fxg6 (27... Rh8 28. Qg7) 28. f7 b4 29. Bxb4 {[%emt 0:02:25] White wants to mate with Rhf3.} c5 30. Bxc5 Kb7 31. Rhf3 {[%emt 0:00:55] White mates.} Rc8 32. f8=Q Rxf8 33. Rxf8 Qb5 34. R1f7+ Kc6 35. Rc8# {[%emt 0:00:37] Black did not feel at home in the position after the opening.  Weighted Error Value: White=0.05 (flawless) /Black=0.66} 1-0

[Event "Chessable English Open-ch 2022"]
[Site "Kenilwoth"]
[Date "2022.05.22"]
[Round "7.3"]
[White "Roberson, Peter T"]
[Black "Wells, Peter K"]
[Result "1-0"]
[ECO "C92"]
[WhiteElo "2421"]
[BlackElo "2374"]
[Annotator "TA"]
[PlyCount "90"]
[EventDate "2022.05.18"]
[EventType "swiss"]
[EventCountry "ENG"]
[SourceTitle "playchess.com"]
[Source "ChessBase"]
[SourceQuality "1"]
[TimeControl "5400+30"]

1. e4 e5 2. Nf3 Nc6 3. Bb5 a6 4. Ba4 Nf6 5. O-O Be7 6. Re1 b5 7. Bb3 d6 8. c3 O-O 9. h3 Bb7 10. d4 Re8 11. a3 {[%emt 0:00:58] C92: Closed Ruy Lopez: 9...Be6, Karpov and Flohr-Zaitsev Variations.} Bf8 12. Ba2 h6 (12... Na5 {is more complex.} 13. Nbd2 c5 14. b4 exd4 15. cxd4 Nc4) 13. d5 {[%emt 0:03:35] [#] The position is equal.} (13. Nbd2 {keeps more tension.} Nb8 14. Qb3 Qd7 15. Qc2) 13... Na5 $146 (13... Nb8 $11 {keeps the balance.}) ({Predecessor:} 13... Ne7 14. b3 c5 15. c4 bxc4 16. bxc4 Ng6 17. Bb3 Bc8 18. Ba4 Bd7 19. Nc3 Rb8 {0-1 (49) Firouzja,A (2759)-Le,Q (2709) chess24.com INT 2021}) 14. b3 (14. Nfd2 $1 $16) 14... c6 $11 15. c4 Rc8 16. Nbd2 bxc4 ({But not} 16... cxd5 17. cxd5 Nh7 18. Nf1 $16) 17. bxc4 Nd7 18. Rb1 Qc7 19. Nf1 Nc5 20. Bd2 Ra8 21. N3h2 cxd5 22. cxd5 Reb8 23. Qf3 Bc8 24. Rb4 Bd7 25. Ng4 h5 $2 {[%emt 0:02:35] [#]} (25... Bxg4 $11 26. hxg4 Be7) 26. Ngh2 $2 ({White should try} 26. Nf6+ $1 $18 gxf6 27. Ng3) 26... g6 27. Qc3 {[%emt 0:00:48] Black must now prevent Rxb8.} Rb5 28. Nf3 Qd8 29. Ng3 Nab7 30. Bc4 Rxb4 31. axb4 Na4 32. Qe3 a5 33. Be2 axb4 34. Bxb4 Nac5 35. Nd2 Qf6 36. Nc4 Ra2 37. Nb6 Be8 (37... Bxh3 $5 38. gxh3 Rb2 39. Bxc5 Nxc5 $11) 38. Nc4 {[%emt 0:01:08] Inhibits Rb2.} (38. Rb1 $1 $11) 38... Kh7 39. Rb1 Bh6 40. Qf3 Qxf3 41. Bxf3 Ra6 42. Be2 h4 43. Nf1 Nxe4 ({Better is} 43... Kg7 $11) 44. Ncd2 $14 {[%emt 0:01:05][%mdl 64] Discovered Attack} Ra2 (44... Nxd2 $16 45. Bxa6 Nxb1 46. Bxb7 f6) 45. Nxe4 $18 Kg8 {[%emt 0:01:02] Weighted Error Value: White=0.23 (precise) /Black=0.39} 1-0

[Event "Chessable English Open-ch 2022"]
[Site "Kenilwoth"]
[Date "2022.05.22"]
[Round "7.4"]
[White "Willow, Jonah B"]
[Black "Ashton, Adam G"]
[Result "0-1"]
[ECO "A13"]
[WhiteElo "2401"]
[BlackElo "2366"]
[Annotator "TA"]
[PlyCount "91"]
[EventDate "2022.05.18"]
[EventType "swiss"]
[EventCountry "ENG"]
[SourceTitle "playchess.com"]
[Source "ChessBase"]
[SourceQuality "1"]
[TimeControl "5400+30"]

1. Nf3 d5 2. e3 Nf6 3. c4 e6 4. b3 c5 5. Bb2 Nc6 6. cxd5 exd5 7. Bb5 Bd6 8. O-O O-O {[%emt 0:00:48] A13: English Opening: 1...e6.} 9. d4 cxd4 10. Bxc6 bxc6 {[%emt 0:00:21] Black is slightly better.} 11. Qxd4 c5 12. Qd3 {[%emt 0:02:16] [#]} Re8 $146 ({Predecessor:} 12... Bb7 13. Nc3 Rc8 14. Rfd1 Qe7 15. Qf5 Qe6 16. Qxe6 fxe6 17. Rac1 Nd7 18. Ba3 Bc6 {½-½ (38) Maghsoodloo,P (2572)-Hakobyan,A (2479) Yerevan 2018}) 13. Nc3 Bg4 {[%emt 0:07:37] This bishop pair is nice.} 14. Rfd1 (14. Nb5 $15) 14... Bxf3 $17 15. gxf3 {[%emt 0:01:10] [#]} d4 16. Nb5 (16. exd4 Nh5 17. Ne4 Bxh2+ 18. Kxh2 Nf4 $19) 16... Bb8 $36 {[%emt 0:16:11][%mdl 2048] Keeping White busy.} 17. Rac1 (17. exd4 $17 a6 18. Na3) 17... a6 (17... Qd5 $19 18. f4 Qf3 19. Bxd4 Ng4) 18. Na3 $2 (18. Nxd4 $17 {keeps fighting.} cxd4 19. Qxd4 Qxd4 20. Bxd4) 18... Nd5 19. f4 $2 (19. Rxc5 Qg5+ 20. Kf1 Nxe3+ 21. fxe3 (21. Qxe3 $2 dxe3 22. Rxg5 e2+ 23. Ke1 exd1=N+ 24. Kxd1 g6 $19) 21... Qxc5 22. Qxd4) 19... Qh4 $19 {[%emt 0:01:36] Threatens to win with ...Qg4+.} 20. Qf5 {[%emt 0:01:29] [#] Against Qg4+} (20. Nc2 {was worth a try.} Bd6 21. Nxd4 (21. Qf5 $2 Nxf4 22. exf4 Re2 $19) 21... cxd4 22. Qxd4) 20... Nxf4 $1 21. exf4 (21. Bxd4 Ne2+) 21... Bxf4 22. Qd5 Qxh2+ 23. Kf1 Bxc1 24. Bxc1 Rad8 $2 (24... Qh3+ 25. Qg2 Qh5) 25. Qf3 Qe5 {[%emt 0:01:40] Prevents Bg5.} 26. Nc4 Qe6 27. Bd2 Qg6 28. Ba5 (28. Bf4 $142) 28... Rc8 29. Nb6 {[%emt 0:01:33][%cal Bc4b6,Bb6d5,Bd5c7][%mdl 32] [#]} Rc6 {[%emt 0:00:55] aiming for ...Rf6.} 30. Nd5 {[%emt 0:00:42] Prevents Rf6.} h6 31. Bd8 $2 (31. Bc7) 31... Rce6 32. Bh4 Qe4 $2 (32... Re4 $19 33. Ne7+ R4xe7 34. Bxe7 Rxe7) 33. Qxe4 $17 Rxe4 {[%emt 0:00:01] The board is on fire.} 34. Bg3 f5 (34... Rd8 $17 35. Nc7 a5) 35. Nc7 (35. f3 $1 $11 Re2 36. Nc7) 35... Rc8 {[%emt 0:00:22] ...f4 is the strong threat.} 36. Bd6 (36. f3 $17 {is a better defense.} Re7 37. Nd5) 36... g5 $2 ({Black should try} 36... Kf7 $19 {And now ...h5 would win.} 37. f3 Re3) 37. Rc1 $2 (37. f3 $1 $15 Rh4 38. Kg2) 37... d3 $19 38. Rd1 Rd4 39. Be5 ({But not} 39. Bxc5 Rh4 40. Rxd3 Rxc7 $19) 39... Rd7 ({Not} 39... Re4 $2 40. Bd6 $19) 40. Nxa6 $2 (40. f4) 40... c4 {[%emt 0:00:28] Black is clearly winning.} 41. Nb4 (41. bxc4 $142 Rxc4 42. a3) 41... c3 {[%emt 0:01:09] Hoping for ...c2.} 42. Rxd3 c2 43. Bb2 c1=Q+ 44. Bxc1 Rxc1+ 45. Ke2 Rxd3 46. Nxd3 {[%emt 0:00:38] Weighted Error Value: White=0.89/Black=0.45} 0-1

[Event "Chessable English Open-ch 2022"]
[Site "Kenilwoth"]
[Date "2022.05.22"]
[Round "7.5"]
[White "Haydon, David L"]
[Black "Harvey, Marcus R"]
[Result "0-1"]
[ECO "A30"]
[WhiteElo "2275"]
[BlackElo "2455"]
[Annotator "TA"]
[PlyCount "138"]
[EventDate "2022.05.18"]
[EventType "swiss"]
[EventCountry "ENG"]
[SourceTitle "playchess.com"]
[Source "ChessBase"]
[SourceQuality "1"]
[TimeControl "5400+30"]

1. d4 Nf6 2. c4 e6 3. Nf3 b6 4. g3 Bb7 5. Bg2 c5 6. O-O cxd4 7. Nxd4 Bxg2 8. Kxg2 Qc8 9. b3 Qb7+ {[%emt 0:00:04] A30: Symmetrical English: Double Fianchetto and Hedgehog.} 10. Nf3 Be7 11. Nc3 O-O {[%emt 0:02:57] The position is equal.} 12. Bb2 {[%emt 0:01:35] [#]} Rd8 $146 ({Predecessor:} 12... a6 13. Kg1 d6 14. Nd4 Nc6 15. Nxc6 Qxc6 16. Qd3 Rfd8 17. Rac1 Qb7 18. Rfd1 Rab8 19. a4 d5 20. cxd5 Nxd5 21. Nxd5 Rxd5 {½-½ (21) Padevsky,N (2415)-Martinovic,S (2475) Baku 1980}) 13. Qc2 Nc6 14. Rad1 a6 15. Ne4 (15. a4 {is interesting.} Ne5 16. e4 Nxf3 17. Kxf3 b5 18. axb5 axb5 19. Nxb5 d5 20. Bxf6 gxf6 21. g4) 15... Ne8 16. Kg1 f5 17. Nc3 b5 (17... Nb4 $5 18. Qd2 b5 $11) 18. e4 Na5 19. Nd2 bxc4 20. exf5 (20. Nxc4 {looks sharper.} Nxc4 21. bxc4 Rab8 22. Rb1) 20... cxb3 21. Nxb3 Nxb3 22. axb3 Rdb8 (22... Rab8 $11) 23. fxe6 (23. Qe2 $5 Qxb3 24. Ba1 $11) 23... dxe6 24. Qe2 Qxb3 25. Ba1 Bf6 26. Rb1 Qa3 27. Qxe6+ Kh8 28. Rxb8 Rxb8 29. Rb1 Qd6 30. Qf7 {[%emt 0:07:15] [#] Rxb8 would kill now.} Qe7 31. Qa2 Rxb1+ 32. Qxb1 Qe5 33. Bb2 h6 34. Na4 Qe2 35. Bxf6 Nxf6 $11 {[%emt 0:00:18][%mdl 4096] Endgame KQN-KQN} 36. Nc5 {[%emt 0:00:44] Against Ne4} Qb5 37. Qf5 a5 {[%emt 0:01:32] Strongly threatening ...a4.} 38. Qc8+ Ng8 {[%emt 0:02:19] And now ...a4 would win.} 39. Qc7 Qb4 {[%emt 0:01:12] ...a4 is the strong threat.} 40. Qa7 Nf6 41. Kg2 Kh7 42. h3 Qd2 43. Qb6 Qd5+ 44. Kh2 {[%emt 0:00:54] [#]} (44. Kg1 $11) 44... Qd4 (44... Qa2 $1 $17 45. Ne6 a4 46. Nf8+ Kg8) 45. Qb1+ Kh8 46. Qc2 Qd5 47. Na4 Ne4 {[%emt 0:02:09] aiming for ...Qf5.} 48. Qc8+ Kh7 49. Qc2 $2 {[%emt 0:00:04] Black converts the advantage convincingly.} (49. Nc3 $11 {and White stays safe.} Nxc3 50. Qxc3) 49... Qf5 $19 50. g4 (50. Nc3 {might work better.} Nxg3 51. Qa2) 50... Qxf2+ 51. Qxf2 Nxf2 {[%emt 0:00:04] KN-KN} 52. Kg3 Nd3 {[%emt 0:00:26] White must now prevent ...g5.} 53. Kf3 Kg6 (53... g5 $142 54. Nc3 Kg6) 54. Ke3 Ne5 55. Kf4 Kf6 56. Nc5 Ng6+ 57. Ke4 Ne5 (57... Nh4 $142 58. Kd5 Ng2 59. Ne4+ Ke7) 58. Kf4 $1 Nc4 $2 (58... g5+ 59. Ke3 Ng6) 59. Na4 $2 (59. Ke4 Ne5 60. Kd5) 59... g5+ 60. Ke4 Ne5 61. Nc5 Ng6 {[%emt 0:00:46] Hoping for ...Ke7.} 62. Na4 Nf8 (62... Nf4 $142 63. Nb6 Nxh3 64. Nd7+ Ke6 65. Nc5+ Ke7) 63. Nc5 Ne6 64. Na4 Kf7 $2 (64... Nf4 65. Nb6 Nxh3 66. Nd7+ Ke6 67. Nc5+ Ke7) 65. Ke5 $2 (65. Kf5) 65... Nf4 {[%emt 0:00:08] Black is clearly winning.} 66. Kf5 Nxh3 67. Nc5 Nf2 68. Na4 Ke8 69. Nc5 Ke7 {[%emt 0:08:12] Weighted Error Value: White=0.53/Black=0.45} 0-1

[Event "Chessable English Open-ch 2022"]
[Site "Kenilwoth"]
[Date "2022.05.22"]
[Round "7.6"]
[White "Pert, Richard G"]
[Black "Royal, Shreyas"]
[Result "1/2-1/2"]
[ECO "D02"]
[WhiteElo "2415"]
[BlackElo "2385"]
[Annotator "TA"]
[PlyCount "76"]
[EventDate "2022.05.18"]
[EventType "swiss"]
[EventCountry "ENG"]
[SourceTitle "playchess.com"]
[Source "ChessBase"]
[SourceQuality "1"]
[TimeControl "5400+30"]

1. d4 Nf6 2. Nf3 d5 3. Bf4 c5 4. e3 Nc6 5. Nbd2 cxd4 6. exd4 {[%emt 0:00:13] D02: 1 d4 d5 2 Nf3 sidelines, including 2...Nf6 3 g3 and 2...Nf6 3 Bf4.} Bf5 7. Bb5 Rc8 8. O-O e6 {[%emt 0:00:07] [#]} 9. Re1 $146 ({Predecessor:} 9. c3 Be7 10. Ne5 O-O 11. Nxc6 bxc6 12. Ba6 c5 13. Bxc8 Qxc8 14. Nf3 Qb7 15. b3 {0-1 (23) Aryan,C (2585)-Vokhidov,S (2530) Chess.com INT 2021}) 9... Be7 10. c3 O-O 11. a4 Qb6 12. Nb3 Ne4 13. Bf1 Na5 14. Nxa5 Qxa5 15. Ne5 Nd6 16. Nd7 (16. g4 $14 Bg6 17. h4 (17. Nxg6 hxg6 18. Qb3 Qd8 $11)) 16... Rfd8 $11 17. Nc5 {[%emt 0:00:09] [#] aiming for Bxd6.} Qb6 18. b4 Qc7 19. Rc1 b6 20. Bg3 bxc5 ({Black should try} 20... Bg5 $17 21. f4 Be7) 21. dxc5 Qb7 {[%emt 0:01:48] ...Ne4 is the strong threat.} 22. cxd6 Bxd6 23. Qe2 Bxg3 (23... d4 {is interesting.} 24. Bxd6 d3 25. Qe5 d2) 24. hxg3 d4 25. cxd4 Rxc1 (25... Rxd4 26. Qb5 Qb8 27. Rxc8+ Qxc8 {[#]} 28. Rc1 $1 $14) 26. Rxc1 Qxb4 27. g4 Bg6 28. Rc4 Qb6 29. Qe5 h6 30. a5 Qb2 31. Qc5 Qb8 (31... Kh7 $11) 32. Qc7 (32. a6 $14) 32... Qxc7 {[%emt 0:00:48] The position is equal.} 33. Rxc7 Rxd4 {[%emt 0:00:04] KRB-KRB} 34. f3 Bd3 35. Bxd3 Rxd3 36. Rxa7 Ra3 37. Kf2 g5 38. g3 Kg7 {[%emt 0:00:15] Weighted Error Value: White=0.13 (very precise) /Black=0.15 (very precise)} 1/2-1/2

[Event "Chessable English Open-ch 2022"]
[Site "Kenilwoth"]
[Date "2022.05.22"]
[Round "7.7"]
[White "Hackner, Oskar A"]
[Black "Okhai, Shabir"]
[Result "1-0"]
[ECO "E60"]
[WhiteElo "2177"]
[BlackElo "2121"]
[Annotator "TA"]
[PlyCount "89"]
[EventDate "2022.05.18"]
[EventType "swiss"]
[EventCountry "ENG"]
[SourceTitle "playchess.com"]
[Source "ChessBase"]
[SourceQuality "1"]
[TimeControl "5400+30"]

1. d4 Nf6 2. c4 g6 3. g3 c6 4. b3 d5 5. Bb2 Bg7 6. Bg2 {[%emt 0:00:34] E60: King's Indian: Unusual lines and Fianchetto Variation without Nc3.} O-O 7. Nf3 dxc4 8. bxc4 {[%emt 0:00:06] The position is equal.} c5 9. e3 cxd4 10. exd4 Nc6 (10... Qb6 $5 11. Qb3 Nc6 $11) 11. O-O Qb6 12. Qb3 {[%emt 0:01:35] [#]} Na5 $146 ({Predecessor:} 12... Nd7 13. Nbd2 Nxd4 14. Nxd4 Bxd4 15. Bxd4 Qxd4 16. Nf3 Qf6 17. Rad1 Nc5 18. Qe3 b6 {½-½ (76) Borges,W (2156)-Almeida,H (1886) Florianopolis 2019}) 13. Qxb6 axb6 14. Nbd2 Bf5 15. Rfe1 {[%emt 0:05:05] Prevents Ne4.} Rfe8 16. Bf1 Rac8 17. Rac1 h5 18. Ba3 Rc7 19. d5 Bh6 20. Bb2 {[%emt 0:05:34] Threatens to win with Bxf6.} Rcc8 21. Bd4 {[%emt 0:07:46] [#]} Nd7 (21... Ne4 $1 $11 22. Be3 (22. Nxe4 Bxc1) 22... Bxe3 23. fxe3 (23. Rxe3 Nxd2 24. Nxd2 b5 $11) 23... e6) 22. Be3 $1 $14 Bxe3 23. Rxe3 (23. fxe3 $14 Bg4 24. Nd4) 23... b5 $11 24. c5 Rxc5 25. Rxc5 Nxc5 26. Bxb5 Bd7 {[%emt 0:00:00] [#]} (26... Rd8 $11 {keeps the balance.}) 27. Rc3 $1 $36 {[%emt 0:00:20][%mdl 2048] Black is under strong pressure. Black is on the road to losing.} b6 {[%emt 0:00:00] [#]} 28. Rxc5 bxc5 29. Bxd7 Rd8 30. Bb5 Rxd5 31. Kf1 Kg7 ({Better is} 31... c4 32. Bxc4 Rc5) 32. Ke2 f5 33. Nc4 {[%emt 0:01:59] Prevents e5.} Nxc4 34. Bxc4 Rd8 35. Ne5 Kf6 36. f4 g5 37. a4 {[%emt 0:02:50][%cal Ba2a4,Ba4a5,Ba5a6][%mdl 32] And now a5 would win.} Rd4 $2 (37... Ra8 {might work better.}) 38. Ke3 $18 Rd1 (38... Re4+ $142 39. Kf3 gxf4 40. gxf4 e6) 39. a5 Ra1 40. a6 Ra3+ 41. Kf2 Ra4 (41... e6 $142 42. Nc6 Ra1) 42. h4 gxf4 43. gxf4 e6 {[%emt 0:00:35] [#]} 44. Nd7+ $1 Ke7 45. Nb6 {[%emt 0:00:12] Weighted Error Value: White=0.13 (very precise) /Black=0.52} 1-0

[Event "Chessable English Open-ch 2022"]
[Site "Kenilwoth"]
[Date "2022.05.22"]
[Round "7.8"]
[White "Derakhshani, Borna"]
[Black "Southcott-Moyers, Indy"]
[Result "1-0"]
[ECO "A06"]
[WhiteElo "2388"]
[BlackElo "2028"]
[Annotator "TA"]
[PlyCount "101"]
[EventDate "2022.05.18"]
[EventType "swiss"]
[EventCountry "ENG"]
[SourceTitle "playchess.com"]
[Source "ChessBase"]
[SourceQuality "1"]
[TimeControl "5400+30"]

1. Nf3 d5 2. b3 Bg4 3. Bb2 Bxf3 4. exf3 e6 5. g3 Nf6 6. Bg2 {[%emt 0:00:05] A06: Réti Opening: 1 Nf3 d5.} g6 7. O-O Bg7 8. f4 {[%emt 0:01:03] The position is equal.} O-O 9. d4 c6 10. Nd2 Nbd7 11. Re1 Rc8 12. Nf3 c5 13. Ne5 {[%emt 0:04:46] [#]} Nxe5 $146 (13... cxd4 $11 {keeps the balance.} 14. Bxd4 Qe7) ({Predecessor:} 13... Qc7 14. dxc5 Nxc5 15. Qe2 Rfd8 16. Rad1 Nfd7 17. c4 Nxe5 18. fxe5 dxc4 19. Qxc4 b6 {1-0 (26) Radjabov,T (2245)-Azarov,S (2150) Moscow 1998}) 14. dxe5 $16 Nd7 15. h4 Nb6 16. h5 c4 17. Bd4 Nd7 18. Bf3 (18. Bxa7 b6 19. Rb1 Qc7 20. bxc4 (20. h6 $2 Bxh6 21. bxc4 dxc4 $19) 20... dxc4 21. Bxb6 (21. h6 $2 Bxh6 22. Bxb6 Nxb6 $19) 21... Nxb6 $19) (18. Bf1 {with more complications.} Qa5 19. Qf3 Rfd8 20. bxc4 dxc4 21. Qxb7 Nc5 22. Bxc5 Qxc5 23. Rad1) 18... Nc5 19. bxc4 (19. Qd2 {seems wilder.} b6 20. bxc4 dxc4 21. Red1) 19... dxc4 20. Bxc5 Rxc5 21. hxg6 (21. Bxb7 {feels hotter.} Qxd1 22. Raxd1 Rc7 23. Bf3) 21... hxg6 22. Bxb7 Qxd1 23. Rexd1 Rb8 24. Rd7 Bf8 25. Be4 {[%emt 0:09:32] White is more active.} a5 (25... Ra5 $142) 26. Rad1 $36 {[%emt 0:01:58][%mdl 2048] White is on the roll.} Rbc8 {[%emt 0:05:55] [#]} 27. Ra7 $1 R5c7 28. Rxa5 Bc5 (28... Bb4 {is a better defense.} 29. Ra4 Bc3) 29. a4 $18 Rb8 30. Rb5 Rb6 31. Rdb1 Ra6 (31... Rxb5 32. axb5 Bb6) 32. a5 Bd4 {[%emt 0:00:38] White is clearly winning.} 33. Bb7 Ra7 34. a6 Bc5 35. Rd1 Kg7 36. Kg2 Kf8 37. g4 Ke7 (37... Kg7 $142 38. c3 Bf8) 38. Kf3 Ke8 39. Rd2 Ke7 40. Rb1 Ke8 41. Rbd1 {[%emt 0:01:38] Rd8+ is the strong threat.} Ke7 42. Rd8 {[%emt 0:00:17] Threatens to win with Rh8.} Bb4 43. Rb8 Rd7 {[%emt 0:00:44] [#]} 44. Rxd7+ (44. Bc6 $142 $1 Bc5 45. Bxd7) 44... Kxd7 {[%emt 0:00:02][%mdl 4096] Endgame KRB-KRB} 45. Rc8 c3 46. Rc4 Ba5 47. Ke4 Ke7 48. f3 Kd7 49. Kd3 Ke7 50. Ra4 Bb6 51. Kxc3 {[%emt 0:00:05] Weighted Error Value: White=0.11 (very precise) /Black=0.30} 1-0

[Event "Chessable English Open-ch 2022"]
[Site "Kenilwoth"]
[Date "2022.05.22"]
[Round "7.9"]
[White "Thompson, Ian D"]
[Black "Khoury, Theo"]
[Result "1/2-1/2"]
[ECO "D34"]
[WhiteElo "2074"]
[BlackElo "1927"]
[Annotator "TA"]
[PlyCount "95"]
[EventDate "2022.05.18"]
[EventType "swiss"]
[EventCountry "ENG"]
[SourceTitle "playchess.com"]
[Source "ChessBase"]
[SourceQuality "1"]
[TimeControl "5400+30"]

1. Nf3 Nf6 2. c4 e6 3. Nc3 c5 4. g3 d5 5. cxd5 exd5 6. d4 Nc6 7. Bg2 Be7 8. O-O O-O 9. Bg5 c4 10. Ne5 Be6 11. Nxc6 bxc6 12. b3 Qa5 13. Qc2 cxb3 {[%emt 0:02:51] D34: Tarrasch Defence: 6 g3 Nf6 7 Bg2 Be7.} 14. axb3 Qb6 {[%emt 0:00:38] [#]} 15. Na4 $146 (15. e3 $16) ({Predecessor:} 15. Ra4 Rab8 16. Bf4 Rb7 17. Rfa1 Bd7 18. Nd1 Ra8 19. Bf3 h6 20. Be5 g6 21. Ra6 {0-1 (34) Herrmann,J (1531)-Goldmann,D (1629) Willingen 2021}) 15... Qxd4 $11 16. Be3 Qb4 17. Qxc6 Rfc8 ({Resist} 17... Qxb3 18. Nb6 $1 Rab8 19. Rfb1 (19. Rxa7 Bd8 $11) 19... Qxb1+ 20. Rxb1 $16) 18. Qa6 Ng4 19. Bf4 Qxb3 20. Rfb1 Qc2 {[%emt 0:00:28] aiming for ...g5.} 21. Rc1 Qf5 {[%emt 0:02:55] Hoping for ...g5.} 22. Rxc8+ Rxc8 (22... Bxc8 $2 23. Qc6 Qf6 24. Qxa8 $18) 23. Qxa7 Bf6 24. Rf1 Qh5 (24... g5 $11 {remains equal.} 25. Bd6 Be5) 25. h3 $16 Ne5 26. Nb6 $36 {[%emt 0:02:28][%mdl 2048] White has strong initiative.} Rf8 27. g4 (27. Bxd5 $6 Bxh3 28. Re1 h6 $11) 27... Qg6 28. Qc7 ({Of course not} 28. Bxd5 $6 Nxg4 29. Bxe6 (29. hxg4 Qxg4+ 30. Bg3 Bd4 $17) 29... Nxf2+ 30. Kh2 Bd4 31. Bxf7+ Qxf7 32. Qxf7+ Rxf7 $11) 28... Bd8 29. Qxe5 Bxb6 30. Bxd5 Bc7 31. Qxc7 Bxd5 32. Qe5 Ba8 33. Rc1 h5 34. f3 hxg4 35. hxg4 Qb6+ 36. Be3 Qb8 37. Qxb8 {[%emt 0:01:36] 0x0.001de014802edp-1022s more active pieces.} (37. Rc7 {feels hotter.} Re8 38. Qf4 Qb3 39. Bf2) 37... Rxb8 {[%emt 0:00:07][%mdl 4096] Endgame KRB-KRB} 38. Kf2 Re8 39. Bd4 f6 40. Rc7 $1 Bd5 {[%emt 0:03:10] [#]} (40... Rf8 $16 41. g5 Rf7 42. Rc8+ Rf8) 41. g5 $1 $18 Re6 {[%emt 0:00:40] [#]} (41... fxg5 $142 42. Rxg7+ Kf8 43. Rxg5 Bc6) 42. g6 $1 {[%emt 0:01:19] Rc8+ would kill now.} Re8 {[%emt 0:01:15] Against Rc8} 43. e4 Be6 44. Ke3 $2 (44. e5 $18) 44... Bf5 $1 $11 {[%emt 0:00:28] The position is equal.} 45. Kf4 Bxg6 46. e5 fxe5+ 47. Bxe5 Bf7 48. Bc3 {[%emt 0:02:43] Weighted Error Value: White=0.20 (precise) /Black=0.17 (very precise)} 1/2-1/2

[Event "Chessable English Open-ch 2022"]
[Site "Kenilwoth"]
[Date "2022.05.22"]
[Round "7.10"]
[White "Wadsworth, Matthew J"]
[Black "Larkin, Benjamin"]
[Result "1-0"]
[ECO "A29"]
[WhiteElo "2432"]
[BlackElo "1853"]
[Annotator "TA"]
[PlyCount "105"]
[EventDate "2022.05.18"]
[EventType "swiss"]
[EventCountry "ENG"]
[SourceTitle "playchess.com"]
[Source "ChessBase"]
[SourceQuality "1"]
[TimeControl "5400+30"]

1. c4 e5 2. g3 Nf6 3. Bg2 d5 4. cxd5 Nxd5 5. Nc3 Nb6 6. Nf3 Nc6 7. O-O Be7 8. a3 O-O 9. b4 Be6 10. Rb1 f6 11. d3 a5 12. b5 Nd4 13. Nd2 Qc8 {[%emt 0:00:23] A29: English Opening: Four Knights Variation with 4 g3.} 14. e3 Nf5 15. Qc2 Rd8 {[%emt 0:00:02] The position is equal. 15...Rd8 is better than 15...a4.} 16. Rd1 Kh8 {[%emt 0:02:01] [#]} 17. Nc4 $146 ({Predecessor:} 17. a4 Nd5 18. Nxd5 Bxd5 19. Bxd5 Rxd5 20. Bb2 Bb4 21. Nf3 Qd7 22. e4 Rc5 23. Qe2 {½-½ (36) Marin,M (2537)-Komljenovic,D (2473) Benasque 2005}) 17... Nxc4 18. dxc4 Bxc4 19. Rxd8+ Bxd8 20. a4 c6 {[%emt 0:09:18] Inhibits Nd5.} 21. bxc6 bxc6 22. Ba3 Be7 23. Bxe7 Nxe7 24. Ne4 Bd5 25. Qc5 Rb8 26. Rd1 Qb7 27. Qxa5 Ra8 (27... Qb3 $11 28. Ra1 Qd3) 28. Qc3 $16 Qb3 29. Qxb3 Bxb3 30. Rd7 Ng6 (30... Nd5 $16) 31. Nc5 $18 Nf8 32. Rd3 {[%emt 0:00:24] White is more active.} ({Stronger than} 32. Nxb3 Nxd7 33. Bxc6 Ra7 $17) 32... Bc4 33. Rd6 Bd5 34. e4 Bf7 35. Bf1 ({Much less strong is} 35. Rxc6 $6 Be8 36. Rc7 Bxa4 $14) 35... Be8 36. Ba6 Kg8 37. Bc4+ Bf7 38. Ba6 (38. Bxf7+ $18 Kxf7 39. Rxc6) 38... Be8 $1 $16 {[%emt 0:00:00] [#]} 39. Bc4+ (39. Bb7 $1 $16 Ra7 40. Bxc6 Bxc6 41. Rxc6) 39... Bf7 $18 40. Bxf7+ Kxf7 41. Rxc6 {[%emt 0:00:09][%mdl 4096] Endgame KRN-KRN} Ra5 (41... Ng6 {might work better.} 42. Rc7+ Ne7) 42. Rc7+ Ke8 43. Kf1 Kd8 44. Rc6 {[%emt 0:00:05] [#] And now Nb7+ would win.} Ke8 45. Ke2 Nd7 46. Nxd7 (46. Rc8+ $18 Ke7 47. Nxd7 Kxd7 48. Rc4) 46... Kxd7 {[%emt 0:00:00] KR-KR} 47. Rc4 Ra7 48. Kd3 Rb7 49. Kc2 {[%emt 0:00:53] Prevents Rb1.} h6 (49... Kd6 {keeps fighting.} 50. f3 Rb8) 50. a5 Rb5 $2 (50... Kd6 51. Kc3 Ra7) 51. Ra4 Kc7 52. Kc3 {[%emt 0:01:10] aiming for a6.} Kb7 (52... Rb7 $142 53. f4 exf4) 53. Rb4 {[%emt 0:00:02] Weighted Error Value: White=0.11 (very precise) /Black=0.19 (very precise)} 1-0